 Dungeon Crawl Stone Soup version 0.31.0-11-ge490571c62 (webtiles) character file.

Game seed: 380248094887223666

259 Gadfly the Ruffian (level 5, 0/57 HPs)
             Began as a Demonspawn Shapeshifter on Jan 26, 2024.
             Slain by a killer bee (2 damage)
             ... on level 4 of the Dungeon.
             The game lasted 00:04:09 (2848 turns).

Gadfly the Ruffian (Demonspawn Shapeshifter)        Turns: 2848, Time: 00:04:10

Health: 0/57       AC: 22    Str: 17    XL:     5   Next: 94%
Magic:  5/5        EV:  2    Int: 10    God:
Gold:   152        SH:  0    Dex: 12    Spells: 4/4 levels left

rFire   . . .        b - +1 dagger (elec)
rCold   . . .        (no shield)
rNeg    . . .        j - melded +0 leather armour of Repulsion {*Corrode rC+ Regen+ Dex+4}
rPois   +            (helmet currently unavailable)
rElec   .            f - melded +0 cloak
rCorr   .            (gloves currently unavailable)
SInv    .            n - melded +0 pair of boots
Will    .....        (no amulet)
Stlth   +            l - ring of flight
HPRegen 0.29/turn    (no ring)
MPRegen 0.09/turn

%: no passive effects
@: tree-form
A: stationary, stasis, torment immunity, boosted hp, (horns 1)
a: no special abilities


You were on level 4 of the Dungeon.
You were a tree.
You visited 1 branch of the dungeon, and saw 4 of its levels.

You collected 152 gold pieces.

Inventory:

Hand Weapons
 b - a +1 dagger of electrocution (weapon)
Missiles
 o - a throwing net
Armour
 a - a +0 animal skin
 f - a +0 cloak (melded)
 j - the +0 leather armour of Repulsion (melded) {*Corrode rC+ Regen+ Dex+4}
   (You found it on level 2 of the Dungeon)

   Dex+4:     It affects your dexterity (+4).
   rC+:       It protects you from cold.
   Regen+:    It increases your rate of health regeneration.
   *Corrode:  It may corrode you when you take damage.
 n - a +0 pair of boots (melded)
Jewellery
 l - a ring of flight (left branch)
Talismans
 c - a beast talisman (active)
 d - a flux talisman
Wands
 q - a wand of flame (15) (quivered)
 r - a wand of polymorph (8)
Scrolls
 e - 2 scrolls of fog
Potions
 g - 2 potions of might {unknown}
 h - 2 potions of attraction {unknown}
 i - a potion of curing
 m - 2 potions of ambrosia


   Skills:
 + Level 2.2 Fighting
 * Level 3.3 Dodging
 + Level 3.4 Unarmed Combat
 * Level 2.9 Evocations
 + Level 3.2 Shapeshifting


You had 4 spell levels left.
You didn't know any spells.
Your spell library contained the following spells:

 Spells                   Type           Power      Damage    Failure   Level
 Call Imp                 Summ           0%         N/A       50%         2
 Sublimation of Blood     Necr           0%         N/A       50%         2
 Summon Hydra             Summ           0%         N/A       100%        7


Dungeon Overview and Level Annotations

Branches:
Dungeon (4/15)
 Temple: D:4-7

Altars:
Makhleb
Trog


Innate Abilities, Weirdness & Mutations

You are a tree.
Your roots penetrate the ground, keeping you stationary.
You cannot be teleported.
You are immune to unholy pain and torment.
Your maximum health is greatly increased.
Your equipment is partially melded.
((You have a pair of small horns on your head.))


Message History

The killer bee is lightly wounded.
The killer bee stings you but does no damage. x2
You miss the killer bee.
The killer bee is lightly wounded.
The killer bee stings you but does no damage. x2
You hit the killer bee.
The killer bee is moderately wounded.
The killer bee stings you but does no damage. x2
You barely miss the killer bee.
The killer bee is moderately wounded.
The killer bee stings you but does no damage. x2
You hit the killer bee.
The killer bee is moderately wounded.
The killer bee stings you.
* * * LOW HITPOINT WARNING * * *
The killer bee stings you but does no damage.
You barely miss the killer bee.
The killer bee is moderately wounded.
The killer bee stings you but does no damage. x2
You closely miss the killer bee.
The killer bee is moderately wounded.
The killer bee stings you but does no damage.
The killer bee stings you.
* * * LOW HITPOINT WARNING * * *
You hit the killer bee.
The killer bee is heavily wounded.
The killer bee stings you but does no damage. x2
You closely miss the killer bee. Your punch misses the killer bee.
The killer bee is heavily wounded.
The killer bee stings you but does no damage. x2
You hit the killer bee.
The killer bee is heavily wounded.
The killer bee stings you.
* * * LOW HITPOINT WARNING * * *
The killer bee stings you but does no damage.
You hit the killer bee.
Lightning courses through the killer bee!
You kill the killer bee!
The killer bee stings you.
You die...

#.###.......
##†####....
#.........# ##.
#.........##..y.
#.$..........yy.
#.........#
##.##.##.##
#.##.##y#
#.##.##♣#
#..#.##.#
##.#....#
#...##.# ###
.... #####


You could see a killer bee.

Vanquished Creatures
  A phantom (D:4)
  A killer bee (D:4)
  A bombardier beetle (D:4)
  Natasha (thrice) (D:3)
  2 adders
  2 dart slugs
  3 ribbon worms
  7 endoplasms
  2 giant cockroaches
  7 hobgoblins
  3 jackals (D:2)
  5 kobolds
  A quokka (D:3)
  6 ball pythons
  5 bats
  3 frilled lizards (D:2)
  4 rats
56 creatures vanquished.

Notes
Turn   | Place    | Note
-------+----------+-------------------------------------------
     0 | D:1      | Gadfly the Demonspawn Shapeshifter began the quest for the
                  | Orb.
     0 | D:1      | Reached XP level 1. HP: 15/15 MP: 1/1
   376 | D:1      | Found a faded altar of an unknown god.
   417 | D:1      | Gained mutation: You have a pair of small horns on your
                  | head. [demonic ancestry]
   417 | D:1      | Reached XP level 2. HP: 21/21 MP: 2/2
   944 | D:2      | Reached skill level 1 in Evocations
  1049 | D:2      | Found a bloodstained altar of Trog.
  1163 | D:2      | Reached XP level 3. HP: 26/26 MP: 3/3
  1393 | D:2      | Identified the +0 leather armour of Repulsion {*Corrode rC+
                  | Regen+ Dex+4}
  1728 | D:3      | Found a burning altar of Makhleb.
  1818 | D:3      | Noticed Natasha
  1825 | D:3      | Killed Natasha
  1826 | D:3      | Reached XP level 4. HP: 24/32 MP: 4/4
  2302 | D:3      | Noticed Natasha
  2311 | D:3      | Killed Natasha
  2463 | D:3      | Noticed Natasha
  2476 | D:3      | Killed Natasha
  2477 | D:3      | Reached XP level 5. HP: 34/38 MP: 5/5
  2775 | D:4      | Noticed a phantom
  2796 | D:4      | Killed a phantom
  2847 | D:4      | HP: 2/57 [killer bee (6)]
  2848 | D:4      | Slain by a killer bee

Illustrated notes

Levels and vault maps discovered:
D:1:      scummos_arrival_gate, layout_loops_ring,
          ebering_ecumenical_altar_mist, wad_floor_pattern_1
D:2:      layout_rooms, basic_altar, minmay_misc_feat_pillars
D:3:      layout_loops_corners, mainiacjoe_overflow_catwalk, uniq_natasha
D:4:      layout_rooms, uniq_grinder, uniq_edmund

Skill      XL: |  1  2  3  4  5 |
---------------+----------------+-----
Dodging        | 2 3 |  3.3
Evocations     | 1 2 |  2.9
Unarmed Combat | 3 |  3.4
Shapeshifting  | 3 |  3.2
Fighting       | 2 |  2.2

Action                     |  1- 3 |  4- 6 || total
---------------------------+-------+-------++-------
  Melee: Unarmed           |   103 |    46 ||   149
         Headbutt          |    20 |     8 ||    28
         Punch             |     3 |     3 ||     6
         Dagger            |       |    31 ||    31
Ability: Begin Untransform |     2 |     1 ||     3
    Use: Scroll            |     6 |     2 ||     8
         Potion            |     1 |     2 ||     3
   Stab: Sleeping          |     1 |       ||     1
 Armour: Animal skin       |    43 |       ||    43
         Leather armour    |     3 |    38 ||    41
         Skin              |       |    27 ||    27
  Dodge: Dodged            |    58 |    39 ||    97
   Form: Beast             |     2 |     1 ||     3
